 Dungeon Crawl Stone Soup version 0.27.0-1-g7a089689b8 (webtiles) character file.

Game seed: 9771125857787850513

177 Crownlay the Covert (level 5, -2/34 HPs)
             Began as an Octopode Brigand on Aug 12, 2021.
             Slain by Pikel (8 damage)
             ... while paralysed by Pikel
             ... on level 4 of the Dungeon.
             The game lasted 00:04:15 (3523 turns).

Crownlay the Covert (Octopode Brigand)              Turns: 3523, Time: 00:04:15

Health: -2/34      AC:  1    Str: 10    XL:     5   Next: 57%
Magic:  5/5        EV:  2    Int: 14    God:
Gold:   133        SH:  0    Dex: 14    Spells: 4/4 levels left

rFire    . . .     SeeInvis .   a - +2 dagger
rCold    . . .     Faith    .   (no shield)
rNeg     . . .     Spirit   .   (helmet restricted)
rPois    .         Reflect  .   (no amulet)
rElec    .         Harm     .   (no ring)
rCorr    .         Rampage  .   (no ring)
Will     .....                  (no ring)
Stlth    +++++.....             (no ring)
HPRegen  0.11/turn              (no ring)
MPRegen  0.09/turn              (no ring)
                                (no ring)
                                (no ring)

@: paralysed
A: almost no armour, amphibious, 8 rings, camouflage 1, gelatinous body 1,
(nimble swimmer 1), tentacles
a: no special abilities


You were on level 4 of the Dungeon.
You visited 1 branch of the dungeon, and saw 4 of its levels.

You collected 133 gold pieces.

Inventory:

Hand Weapons
 a - a +2 dagger (weapon)
Missiles
 b - 3 poisoned darts (quivered)
 c - 2 curare-tipped darts
Wands
 j - a wand of flame (5)
Scrolls
 d - a scroll of immolation {unknown}
 g - 3 scrolls of identify {unknown}
 i - 2 scrolls of fear {unknown}
 l - a scroll of fog {unknown}
 n - a scroll of amnesia {unknown}
 o - a scroll of enchant weapon {unknown}
Potions
 e - 3 potions of flight {unknown}
 f - a potion of haste {unknown}
 h - a potion of magic {unknown}
 k - a potion of might {unknown}
 m - a potion of lignification {unknown}


   Skills:
 - Level 2.0 Fighting
 - Level 2.0 Short Blades
 - Level 2.0 Throwing
 - Level 1.0 Dodging
 + Level 9.3 Stealth


You had 4 spell levels left.
You didn't know any spells.
Your spell library contained the following spells:

 Spells                   Type           Power      Damage    Failure   Level
 Blink                    Tloc           N/A        N/A       41%         2
 Lesser Beckoning         Tloc           0%         N/A       65%         3
 Manifold Assault         Tloc           0%         N/A       100%        5


Dungeon Overview and Level Annotations

Branches:
Dungeon (4/15)
 Temple: D:4-7

Altars:

Annotations:
D:2 1 runed translucent door, exclusion: door, Crazy Yiuf
D:4 Pikel


Innate Abilities, Weirdness & Mutations

You cannot wear most types of armour.
You are amphibious.
You can wear up to eight rings at the same time.
Your skin changes colour to match your surroundings (Stealth+).
Your rubbery body absorbs attacks. (AC +1, EV +1)
((You are camouflaged near water. (Stealth+)))
You have tentacles for arms and can constrict up to eight enemies at once.


Message History

a +0 trident; a +0 ring mail; an orc corpse You see here a +0 dagger.
Done exploring.
Done exploring.
(D) Dungeon
Where to? (Enter - D:3, ? - help)
There is a stone staircase leading down here.
You climb downwards.
There is a stone staircase leading up here.
Pikel the Slaver comes into view.
He is wielding a +1 whip of freezing and carrying a wand of paralysis (12). 3 lemures come into view.
A lemure comes into view.
Pikel shouts!
The lemure shouts! x2
Pikel zaps a wand.
You resist with some effort.
The lemure shouts! x2
Found a stone staircase leading up.
Throw: 6 darts (poison)
Press: ? - help, Q - select action, (/) - cycle Shift-Dir - straight line, f - Pikel
Aim: Pikel, wielding a +1 whip of freezing, wearing a +0 robe and carrying a wand of paralysis (11) (53% to hit)
You throw a poisoned dart. The poisoned dart hits Pikel.
Pikel is poisoned.
Throw: 5 darts (poison)
Press: ? - help, Q - select action, (/) - cycle Shift-Dir - straight line, f/p - Pikel
Aim: Pikel, wielding a +1 whip of freezing, wearing a +0 robe and carrying a wand of paralysis (11) (poisoned, 53% to hit)
You throw a poisoned dart. The poisoned dart hits Pikel.
Throw: 4 darts (poison)
Press: ? - help, Q - select action, (/) - cycle Shift-Dir - straight line, f/p - Pikel
Aim: Pikel, wielding a +1 whip of freezing, wearing a +0 robe and carrying a wand of paralysis (11) (poisoned, 53% to hit)
You throw a poisoned dart. The poisoned dart hits Pikel.
The lemure hits you but does no damage.
You hit Pikel. You grab Pikel.
Pikel is lightly wounded.
You constrict Pikel, but do no damage.
Pikel zaps a wand.
You suddenly lose the ability to move!
You lose your grip on Pikel.
The lemure barely misses you.
Pikel hits you with a +1 whip of freezing!
Pikel freezes you. The lemure hits you. The lemure hits you!
* * * LOW HITPOINT WARNING * * *
Pikel hits you with a +1 whip of freezing!
You die...

..<... #
#..#...
#.#......
#.......#
...#.(##
..55.
######5K##
......5@.#
##########..#
.......<....#
#######.#.#.#
#.#.#.#
#.#.#.#
#.#.#..
#.#.### #.#..


You could see Pikel (poisoned) and 4 lemures.

Vanquished Creatures
  Jessica (D:2)
  Terence (D:2)
  Robin (D:2)
  A gnoll (D:1)
  An adder (D:2)
  A worm (D:2)
  2 dart slugs
  6 orcs (D:3)
  4 ball pythons
  4 endoplasms
  10 hobgoblins
  10 jackals
  3 kobolds
  3 quokkas
  6 bats
  4 frilled lizards
  14 goblins
  4 rats
76 creatures vanquished.

Notes
Turn   | Place    | Note
-------+----------+-------------------------------------------
     0 | D:1      | Crownlay the Octopode Brigand began the quest for the Orb.
     0 | D:1      | Reached XP level 1. HP: 14/14 MP: 1/1
    57 | D:1      | Reached skill level 6 in Stealth
    57 | D:1      | Reached XP level 2. HP: 19/19 MP: 2/2
    82 | D:1      | Found a faded altar of an unknown god.
   218 | D:1      | Reached XP level 3. HP: 20/24 MP: 3/3
   386 | D:1      | Reached skill level 7 in Stealth
  1239 | D:2      | Noticed Terence
  1249 | D:2      | Killed Terence
  1250 | D:2      | Reached XP level 4. HP: 16/29 MP: 4/4
  1411 | D:2      | Noticed Jessica
  1417 | D:2      | Killed Jessica
  1418 | D:2      | Reached skill level 8 in Stealth
  1556 | D:2      | Noticed Robin
  1561 | D:2      | Reached XP level 5. HP: 17/34 MP: 5/5
  1964 | D:2      | Killed Robin
  2314 | D:2      | Found a runed translucent door.
  2315 | D:2      | Noticed Crazy Yiuf
  2613 | D:3      | Reached skill level 9 in Stealth
  3514 | D:4      | Noticed Pikel
  3516 | D:4      | Noticed a lemure
  3516 | D:4      | Noticed a lemure
  3516 | D:4      | Noticed a lemure
  3517 | D:4      | Noticed a lemure
  3521 | D:4      | Paralysed by Pikel for 6 turns
  3523 | D:4      | Slain by Pikel

Illustrated notes

Levels and vault maps discovered:
D:1:      lemuel_arrival_broad_hall, layout_basic, shapermc_ecumenical_altar_gd
D:2:      layout_rooms, kennysheep_jessica_study, uniq_robin,
          uniq_crazy_yiuf_cottage, uniq_terence
D:3:      layout_loops_ring, nrook_campfire
D:4:      layout_basic, nicolae_hepliaklqana_monster_ancestors,
          chequers_serial_rivers_marsh, minmay_ruined_shrine,
          uniq_blork_the_orc, uniq_edmund, uniq_pikel

Skill      XL: |  1  2  3  4  5 |
---------------+----------------+-----
Stealth        | 6 7 8 9 |  9.3
Fighting       | |  2.0
Short Blades   | |  2.0
Throwing       | |  2.0
Dodging        | |  1.0

Action                   |  1- 3 |  4- 6 || total
-------------------------+-------+-------++-------
Melee: Dagger            |    58 |    81 ||   139
       Constrict         |    16 |    23 ||    39
       Tentacles         |    11 |    14 ||    25
Throw: Dart              |     2 |    33 ||    35
 Stab: Sleeping          |     8 |     3 ||    11
Armor: Skin              |     5 |    11 ||    16
Dodge: Dodged            |    36 |    42 ||    78
